Cogmind - Beta 11.1 @@@ ROGUE MODE // 2022.05.06 @ 08:24:04 Player: Loquitran Result: Destroyed by D-53 Grenadier with Mini Grenade Launcher Performance ------------- Evolutions (0) 0 Regions Visited (2) 400 Robots Destroyed (16) 80 Value Destroyed (354) 354 Prototype IDs (0) 0 Alien Tech Used (0) 0 Bonus (0) 0 TOTAL SCORE: 834 Bonus ------- None Cogmind --------- Core Integrity 0/250 Matter 253/300 Energy 100/100 System Corruption 0% Temperature Cool (0) Movement Core (50) Location -10/Mines Parts ------- > --- POWER (1) -------- (None) > --- PROPULSION (2) --- (None) > --- UTILITY (2) ------ (None) > --- WEAPON (2) ------- (None) > --- INVENTORY (5) ---- Ion Engine Light Treads Light Treads Datajack Heavy Hammer Peak State ------------ > --- POWER ------------ Improved Ion Engine > --- PROPULSION ------- Aluminum Leg Aluminum Leg > --- UTILITY ---------- Small Storage Unit Terrain Scanner > --- WEAPON ----------- Shotgun Shotgun > --- INVENTORY -------- Ion Engine Improved Ion Engine Light Treads Light Treads Assault Rifle Assault Rifle Shotgun Heavy Hammer [Rating: 11] Favorites ----------- Power Improved Ion Engine Engine Improved Ion Engine Propulsion Aluminum Leg Leg Aluminum Leg Utility Small Storage Unit Device Terrain Scanner Storage Small Storage Unit Processor Targeting Computer Weapon Shotgun Ballistic Gun Shotgun Ballistic Cannon Light Cannon Build | -11 -10 -10 ------- Run | Scr Mat Min Slots Evolved . | . . . Power . | . . . Propulsion . | . . . Utility . | . . . Weapon . | . . . Parts Attached 10 | . 9 1 Power 2 | . 2 . Engine 2 | . 2 . Core . | . . . Reactor . | . . . Propulsion 1 | . 1 . Treads . | . . . Leg 1 | . 1 . Wheel . | . . . Hover . | . . . Flight . | . . . Utility 2 | . 2 . Device 1 | . 1 . Storage . | . . . Processor 1 | . 1 . Hackware . | . . . Protection . | . . . Artifact . | . . . Weapon 5 | . 4 1 Energy Gun . | . . . Energy Cannon . | . . . Ballistic Gun 4 | . 4 . Ballistic Cannon 1 | . . 1 Launcher . | . . . Special Weapon . | . . . Impact Weapon . | . . . Slashing Weapon . | . . . Piercing Weapon . | . . . Special Melee Weapon . | . . . Unidentified Prototypes . | . . . Parts Lost 8 | . 3 5 Power 2 | . 1 1 Propulsion 2 | . . 2 Utility 1 | . 1 . Weapon 3 | . 1 2 Highest Loss Streak 5 | . 3 5 To Critical Strikes . | . . . Average Slot Usage (%) 95 | . 96 90 Engine 13 | . 13 12 Leg 27 | . 28 23 Device 6 | . 7 . Storage 13 | . 14 12 Processor 4 | . 3 12 Ballistic Gun 27 | . 28 25 Naked Turns 2 | . . 2 Heaviest Build 19 | 14 19 18 Greatest Support 20 | 20 20 20 Greatest Overweight (x) 1 | . . 1 Average Overweight (x) . | . . . Largest Inventory Capacity 8 | 8 8 8 Average Capacity 7 | 8 8 7 Most Carried 8 | 6 8 8 Average Carried 7 | 6 7 7 Final Capacity 8 | 8 8 5 Final Carried 8 | 6 8 5 Class Distribution -------------------- 100% | Mutant Dominant Class ---------------- Mutant | -10/Materials Mutant | -10/Mines Resources | -11 -10 -10 ----------- Run | Scr Mat Min Matter Collected 696 | 200 472 24 Remotely . | . . . Salvage Created 421 | . 412 9 Parts 24 | . 24 . Haulers Intercepted 1 | . 1 . Recyclers Shooed 2 | . 1 1 Parts Field Recycled . | . . . Retrieved Matter . | . . . Parts Self-Destructed . | . . . Prevented . | . . . Kills | -11 -10 -10 ------- Run | Scr Mat Min Combat Hostiles Destroyed 14 | . 13 1 Guns 14 | . 13 1 Classes Destroyed 6 | . 5 1 Worker 1 | . 1 . Hauler 1 | . 1 . Operator 1 | . 1 . Swarmer 5 | . 5 . Grunt 8 | . 8 . Assembled 1 | . . 1 Best Kill Streak 6 | . 6 1 Combat Bots Only 5 | . 5 1 Max Kills in Single Turn 2 | . 2 1 Gunslinging 1 | . 1 . Exploded . | . . . Melee . | . . . Uniques/NPCs Destroyed . | . . . Combat | -11 -10 -10 -------- Run | Scr Mat Min Damage Taken 1274 | . 677 597 Core 267 | . 121 146 Absorbed by Shields . | . . . Core Remaining (%) 100 | 100 . . Volleys Fired 54 | . 49 5 Largest 2 | . 2 2 Hottest 58 | . 46 58 Shots Fired 105 | . 96 9 Gun 103 | . 96 7 Cannon 2 | . . 2 Launcher . | . . . Special . | . . . Kinetic 105 | . 96 9 Thermal . | . . . Explosive . | . . . Electromagnetic . | . . . Robot Hit Streak 8 | . 8 5 Robot Miss Streak 8 | . 8 7 Penetration Max . | . . . Secondary Targets 3 | . 3 . Max Gunslinging Chain 1 | . 1 . Shots Hit Robots 73 | . 67 6 Core Hits 33 | . 28 5 Critical Kills . | . . . Critical Parts Destroyed 1 | . 1 . Critical Strikes 1 | . 1 . Destroy 1 | . 1 . Melee Attacks . | . . . Impact . | . . . Slashing . | . . . Piercing . | . . . Sneak Attacks . | . . . Combat Hostiles . | . . . Follow-up Attacks . | . . . Damage Inflicted 1136 | . 1027 109 Guns 1091 | . 1022 69 Cannons 40 | . . 40 Explosions . | . . . Melee . | . . . Ramming 5 | . 5 . Kinetic 1131 | . 1022 109 Thermal . | . . . Explosive . | . . . Electromagnetic . | . . . Impact . | . . . Slashing . | . . . Piercing . | . . . Highest Corruption . | . . . Average Corruption . | . . . Corruption Purged . | . . . Corruption Blocked . | . . . Overload Shots . | . . . Overflow Damage . | . . . Projectiles . | . . . Explosions . | . . . Melee . | . . . Knockbacks . | . . . Impact . | . . . Kinetic . | . . . Secondary . | . . . Self-Inflicted Damage . | . . . Shots . | . . . Rammed . | . . . Targets Rammed 1 | . 1 . Kicked 1 | . 1 . Crushed . | . . . Highest Temperature 18 | . 18 . Average Temperature 6 | . 6 . Received Heat Transfer 333 | . 324 9 Siege Activations . | . . . Robots Corrupted . | . . . Combat Hostiles . | . . . Parts Fried . | . . . Impact Corruptions . | . . . Robots Melted . | . . . Combat Hostiles . | . . . Parts Melted . | . . . Heat Transferred . | . . . Parts Sabotaged . | . . . Parts Stolen . | . . . Parts Stripped . | . . . Power Chain Reactions . | . . . Missiles Intercepted . | . . . Alert | -11 -10 -10 ------- Run | Scr Mat Min Peak Influence 229 | . 229 88 Initial 88 | . . 88 Average 102 | . 105 84 Maximum Alert Level 1 | . 1 . Low Security (%) 87 | 100 85 100 Level 1 12 | . 14 . Level 2 . | . . . Level 3 . | . . . Level 4 . | . . . Level 5 . | . . . High Security . | . . . Max Security . | . . . Squads Dispatched 3 | . 3 . Investigation 1 | . 1 . Extermination . | . . . Reinforcement 2 | . 2 . Assault . | . . . Garrison . | . . . Intercept . | . . . Searches Triggered . | . . . Construction Impeded . | . . . Haulers Reinforced . | . . . Active Scanning Responses . | . . . Cargo Convoy Interrupts . | . . . Stealth | -11 -10 -10 --------- Run | Scr Mat Min Distress Signals 1 | . 1 . Communications Jammed . | . . . Distress Signals . | . . . Times Spotted 31 | . 21 10 Peak Tracking Total 18 | . 5 18 Tactical Retreats 1 | . 1 . Traps | -11 -10 -10 ------- Run | Scr Mat Min Traps Triggered . | . . . Indirectly . | . . . Trap Hack Attempts . | . . . Triggered . | . . . Disarmed . | . . . Reprogrammed . | . . . Reused . | . . . Traps Extracted . | . . . Installed . | . . . Triggered . | . . . Machines | -11 -10 -10 ---------- Run | Scr Mat Min Machines Disabled . | . . . Max in Single Turn . | . . . Machines Sabotaged . | . . . Garrisons Compromised . | . . . Overloaded Fab Kills . | . . . Hacking | -11 -10 -10 --------- Run | Scr Mat Min Machines Accessed 3 | . 3 . Terminals 2 | . 2 . Fabricators . | . . . Repair Stations . | . . . Recycling Units 1 | . 1 . Scanalyzers . | . . . Garrison Access . | . . . Total Hacks 6 | . 6 . Successful 2 | . 2 . Failed 4 | . 4 . Catastrophic 1 | . 1 . Database Lockouts . | . . . Manual 4 | . 4 . Terminals 5 | . 5 . Fabricators . | . . . Repair Stations . | . . . Recycling Units 1 | . 1 . Scanalyzers . | . . . Garrison Access . | . . . Terminal Hacks 1 | . 1 . Branch Access Points 1 | . 1 . Fabricator Hacks . | . . . Repair Station Hacks . | . . . Recycling Unit Hacks 1 | . 1 . Report Inventory 1 | . 1 . Scanalyzer . | . . . Garrison Access Hacks . | . . . Unauthorized Hacks . | . . . Terminals . | . . . Fabricators . | . . . Repair Stations . | . . . Recycling Units . | . . . Scanalyzers . | . . . Garrison Access . | . . . Data Cores Recovered . | . . . Used . | . . . Hacking Detections 3 | . 3 . Full Trace Events 1 | . 1 . Feedback Events . | . . . Feedback Blocked . | . . . Robot Schematics Acquired . | . . . Robots Built . | . . . Authchips . | . . . Time . | . . . Total Robot Build Rating . | . . . Part Schematics Acquired . | . . . Parts Built . | . . . Authchips . | . . . Time . | . . . Total Part Build Rating . | . . . Parts Repaired . | . . . Time . | . . . Parts Recycled . | . . . Recycled Matter . | . . . Retrieved Matter . | . . . Retrieved Components . | . . . Parts Scanalyzed . | . . . Part Schematics Acquired . | . . . Parts Damaged . | . . . Bothacking | -11 -10 -10 ------------ Run | Scr Mat Min Used RIF Installer . | . . . Robots Hacked . | . . . Non-combat . | . . . Combat . | . . . Robot Hacks Applied . | . . . Relay Couplers Released . | . . . Fabnet Peak Effective % . | . . . Robots Rewired . | . . . Allies Hacked . | . . . Hacks Repelled . | . . . Allies | -11 -10 -10 -------- Run | Scr Mat Min Total Allies . | . . . Largest Group . | . . . Highest-Rated Group . | . . . Highest-Rated Ally . | . . . Total Orders . | . . . Ally Attacks . | . . . Total Damage . | . . . Kills . | . . . Allies Corrupted . | . . . Allies Melted . | . . . Intel | -11 -10 -10 ------- Run | Scr Mat Min Robot Analysis Total . | . . . Derelict Logs Recovered . | . . . Drone Launches . | . . . Drone Recoveries . | . . . Exploration | -11 -10 -10 ------------- Run | Scr Mat Min Turns Passed 879 | 3 753 123 Spaces Moved 550 | 3 461 86 Core 3 | . . 3 Treads . | . . . Legs 547 | 3 461 83 Wheels . | . . . Hover . | . . . Flight . | . . . Fastest Speed 50 | 120 120 50 Average Speed 120 | 120 120 124 Slowest Speed 190 | 120 120 190 Overloaded Moves . | . . . Propulsion Burnouts . | . . . Robots Hopped . | . . . Cave-ins Triggered . | . . . Exploration Rate (%) 34 | 2 65 37 Regions Visited 2 Branch Regions 1 Pre-discovered Areas . | . . . Known Exits Taken 1 | . 1 . Unknown Exits Taken 1 | 1 . . Scrap Searched 1 | . . 1 Spaces Dug . | . . . Terrain Destroyed . | . . . Melee . | . . . Projectile . | . . . AOE . | . . . Terrain Rammed . | . . . Walls Destroyed . | . . . Machines Disabled . | . . . Actions | -11 -10 -10 --------- Run | Scr Mat Min Total 659 | 2 565 92 Wait 28 | . 28 . Move 548 | 2 460 86 Hop . | . . . Pick Up 10 | . 10 . Fast Attach 2 | . 2 . Attach 3 | . 2 1 Detach . | . . . Swap 5 | . 5 . Drop 8 | . 8 . Fire 54 | . 49 5 Melee . | . . . Ram . | . . . Kick 1 | . 1 . Crush . | . . . Escape Stasis . | . . . Rewire . | . . . Trap . | . . . Miscellaneous . | . . . Route ------- -11/Scrapyard -10/Materials (discovered 4 exits: [*Mat x2] / *Min x2) -10/Mines History --------- Turn | Location | Event 1 | -11/Scrapyard | Discovered new exit (range 3) 4 | -11/Scrapyard | Entered Materials 297 | -10/Materials | Discovered new exit (range 16) 305 | -10/Materials | Build established: Mutant 496 | -10/Materials | Lost 3 parts (1p1u1w) 571 | -10/Materials | Discovered new exit (range 3) 676 | -10/Materials | Discovered new exit (range 16) 710 | -10/Materials | Identified exit to Mines 757 | -10/Materials | Entered Mines 770 | -10/Mines | Met a Derelict bent on vengeance 840 | -10/Mines | Assembled infested the area 849 | -10/Mines | Core integrity fell below 50% 877 | -10/Mines | Core integrity fell below 20% 878 | -10/Mines | Released all parts (3) 880 | -10/Mines | Destroyed by D-53 Grenadier with Mini Grenade Launcher Last Messages --------------- 00851_ Aluminum Leg destroyed. 00852_ U-05 Engineer lays Concrete. 00852_ as-58524 destroyed. 00853_ as-48087 destroyed. 00853_ U-05 Engineer destroyed. 00854_ K-01 Serf collects debris. 00855_ as-40822 destroyed. 00855_ Acquired 9 matter. 00860_ K-01 Serf collects debris. 00864_ R-06 Scavenger destroyed. 00864_ K-01 Serf destroyed. 00867_ The unstable cave ceiling collapses. 00872_ Shotgun destroyed. 00876_ Imp. Ion Engine destroyed. 00876_ Shotgun destroyed. 00876_ Aluminum Leg destroyed. 00878_ Released Targeting Computer. 00878_ Released Sml. Storage Unit. 00878_ Released Lgt. Cannon. 00879_ The unstable cave ceiling collapses. Map ----- +----------------------------------------------------+ | | | | | | | | | | | | | | | | | | | | | | | ???????????????????????????????????????? | | ???????????????????????????????????????? | | ???????????????????????????????????????? | | ??####?????????????????????????????????? | | ?## ##???????????????????####?????????? | | ?# #???????????????????# ##????????? | | ?# #??????????????????? #????????? | | ## #??????????????????? #????????? | | # #??????????????????? ##???????? | | #?????????####??????# #???????? | | #????????## ##??#### #???????? | | ##??????## ##### ##??????? | | ##????## # = #??????? | | ### #??### #??????? | | ##?# ##?## @ ##?????? | | ##??# |#?## ! ##????? | | #???# ### !] d #????? | | #???# !| ## | gd #????? | | #???# #### # g ##????? | | ????####### ##??## # ##?????? | | ??????????####????## ## #??????? | | ???????????????????######## % ?????? | | ????????????????????# = #????? | | ???????????????????# # %! #???? | | ???????????????????# #### | #??? | | ???????????????????#?????? #??? | | ?????????????????????????# ##??? | | ?????????????????????????# ##???? | | ????????????????????????? ##????? | | ????????????????????????? #?????? | | ????????????????????????## ?????? | | ?????????????????????????# %%= # ?????? | | ?????????????????????????## # ?????? | | ??????????????????????????? ???????? | | ??????????????????????????? ?????????? | | ??????????????????????????? ?????????? | | ???????????????????????????????????????? | | ???????????????????????????????????????? | | ???????????????????????????????????????? | +----------------------------------------------------+ Best States ------------- Heat Dissipation 25 Energy Generation 12 Energy Capacity 265 Matter Stores 300 Matter Capacity 300 Sight Range 16 Terrain Scan Range 14 Terrain Scan Density 10 Evasion (%) 55 Targeting Accuracy 5 Item Schematics ----------------- None Robot Schematics ------------------ None Fabricated ------------ Nothing Alien Tech Used ----------------- None Achievements -------------- None Challenges ------------ None Game ------ Seed BackupReflectivePick Manual? 0 Play Time 00:09:41 Cumulative 6.9 hours Start 2022.05.06 @ 08:15:10 End 2022.05.06 @ 08:24:04 Sessions 1 Manual Loads 0 Difficulty Rogue Special Mode None Game No. 9 Rogue 9 Adventurer 0 Explorer 0 Win Type - Total 0 Types 0/0/0/0/0/0/0/0/0 Lore% 15 Gallery% 17 Achievement% 15 Wizard Run 0 Options --------- ASCII 0 Keyboard 0 Movement Numpad Keybinds 0 Fullscreen 0 Font 16/SmallcapsGlow Map View 112x50 Tactical HUD 1 Map Filters NONE Filters NONE Steam 1 RUN: 0a2a722f-dcd7-40b7-89af-10a3c5fc4cd7